[Event "XVI Memorial Lezcano Montalvo 2024"]
[Site "Gran Canaria"]
[Date "2024.03.24"]
[Round "2.36"]
[White "Basualdo De Ornelas, Jorge"]
[Black "Sanchez Arencibia, Heriberto"]
[Result "1-0"]
[ECO "B30"]
[WhiteElo "1792"]
[BlackElo "1636"]
[Annotator "NA RC"]
[PlyCount "111"]
[EventDate "2024.03.23"]
[EventType "swiss"]
[EventCountry "ESP"]
[SourceTitle "playchess.com"]
[Source "ChessBase"]
[SourceQuality "1"]
[TimeControl "5400+30"]

1. e4 c5 2. Nf3 Nc6 3. Bb5 a6 4. Bxc6 dxc6 5. d3 Bg4 6. h3 Bh5 7. Be3 e6 8. O-O Bd6 9. Nbd2 b5 10. c4 Ne7 11. Nb3 O-O 12. Nxc5 Qc7 13. g4 Bg6 14. e5 Bxc5 15. Bxc5 Rfd8 16. Bd6 Qb7 17. Qe2 Nc8 18. c5 Ne7 19. Nh4 Nd5 20. f4 f5 21. exf6 Nxf6 22. Nxg6 hxg6 23. Qxe6+ Kh7 24. Qe1 Qa7 25. Qf2 Qf7 26. b3 Re8 27. Rae1 Qd5 28. Rd1 Qf7 29. Be5 Nd5 30. d4 Rf8 31. Rd3 Qd7 32. Rf3 Rf7 33. f5 g5 34. h4 Qd8 35. Rh3 Nf4 36. Bxf4 gxf4 37. Qxf4 Qd5 38. Qe5 Qd7 39. Re3 Raf8 40. Rfe1 Qd8 41. Kg2 Kg8 42. Kg3 Rd7 43. Re4 Rd5 44. Qe6+ Kh8 45. Qxc6 Rxd4 46. R1e3 Rd3 47. b4 Qb8+ 48. Kf3 Rxe3+ 49. Rxe3 Qh2 50. Qd6 Qh1+ 51. Ke2 Qg2+ 52. Kd3 Qf1+ 53. Kd2 Rg8 54. c6 Qf2+ 55. Re2 Qxh4 56. Rh2 1-0

[Event "XVI Memorial Lezcano Montalvo 2024"]
[Site "Gran Canaria"]
[Date "2024.03.24"]
[Round "2.37"]
[White "Monteiro Rodrigues, Carlos"]
[Black "Gonzalez Perdomo, Sergio"]
[Result "0-1"]
[ECO "B50"]
[WhiteElo "1608"]
[BlackElo "1792"]
[Annotator "NA RC"]
[PlyCount "38"]
[EventDate "2024.03.23"]
[EventType "swiss"]
[EventCountry "ESP"]
[SourceTitle "playchess.com"]
[Source "ChessBase"]
[SourceQuality "1"]
[TimeControl "5400+30"]

1. e4 c5 2. b4 cxb4 3. d4 d6 4. Nf3 Nf6 5. Bd3 g6 6. Bb2 Bg7 7. O-O O-O 8. c3 bxc3 9. Nxc3 Nbd7 10. Re1 e5 11. Ba3 exd4 12. Nb5 Nc5 13. Bxc5 dxc5 14. Rc1 b6 15. Na3 Be6 16. Ng5 Bd7 17. Bc4 h6 18. f4 hxg5 19. Qb3 gxf4 0-1

[Event "XVI Memorial Lezcano Montalvo 2024"]
[Site "Gran Canaria"]
[Date "2024.03.24"]
[Round "2.38"]
[White "Rossello Padron, Carlos"]
[Black "Richter, Anastasia"]
[Result "1-0"]
[ECO "A01"]
[WhiteElo "1792"]
[BlackElo "1614"]
[Annotator "NA RC"]
[PlyCount "77"]
[EventDate "2024.03.23"]
[EventType "swiss"]
[EventCountry "ESP"]
[SourceTitle "playchess.com"]
[Source "ChessBase"]
[SourceQuality "1"]
[TimeControl "5400+30"]

1. b3 e5 2. Bb2 Nc6 3. e3 Nf6 4. Bb5 Bd6 5. Bxc6 dxc6 6. d3 Qe7 7. Nd2 b5 8. Ne2 Bb7 9. e4 O-O-O 10. Ng3 g6 11. O-O h5 12. h3 h4 13. Ne2 g5 14. d4 g4 15. f4 gxh3 16. fxe5 hxg2 17. Rxf6 c5 18. Rf5 h3 19. Kh2 Rdg8 20. exd6 Qxd6+ 21. e5 g1=Q+ 22. Qxg1 Rxg1 23. exd6 Rg2+ 24. Kh1 Rf2+ 25. d5 Rxf5 26. Bxh8 Bxd5+ 27. Kg1 Rh5 28. Nf4 h2+ 29. Kf2 h1=Q 30. Rxh1 Rxh1 31. Nxd5 Rxh8 32. dxc7 Rh5 33. c4 Rh2+ 34. Ke3 Rh3+ 35. Kf4 bxc4 36. bxc4 Rh4+ 37. Ke5 Rd4 38. Ne4 Rd1 39. Nd6+ 1-0

[Event "XVI Memorial Lezcano Montalvo 2024"]
[Site "Gran Canaria"]
[Date "2024.03.24"]
[Round "2.39"]
[White "Martinez Correa, Rafael"]
[Black "Guerra Aleman, Marcial"]
[Result "1-0"]
[ECO "B07"]
[WhiteElo "1597"]
[BlackElo "1788"]
[Annotator "NA RC"]
[PlyCount "37"]
[EventDate "2024.03.23"]
[EventType "swiss"]
[EventCountry "ESP"]
[SourceTitle "playchess.com"]
[Source "ChessBase"]
[SourceQuality "1"]
[TimeControl "5400+30"]

1. e4 d6 2. d4 Nf6 3. Nc3 g6 4. Bf4 Bg7 5. Qd2 Nc6 6. O-O-O a6 7. Nf3 Bg4 8. h3 Bxf3 9. gxf3 Nh5 10. Be3 e5 11. dxe5 Bxe5 12. f4 Bg7 13. Be2 Nf6 14. Nd5 Nxe4 15. Qd3 Nf6 16. Rhe1 Nxd5 17. Qxd5 Qf6 18. c3 O-O-O 19. Bxa6 1-0

[Event "XVI Memorial Lezcano Montalvo 2024"]
[Site "Gran Canaria"]
[Date "2024.03.24"]
[Round "2.40"]
[White "Cabrera Ramos, Javier"]
[Black "Juan Miguel, Javier"]
[Result "1-0"]
[ECO "D07"]
[WhiteElo "1784"]
[BlackElo "1597"]
[Annotator "NA RC"]
[PlyCount "79"]
[EventDate "2024.03.23"]
[EventType "swiss"]
[EventCountry "ESP"]
[SourceTitle "playchess.com"]
[Source "ChessBase"]
[SourceQuality "1"]
[TimeControl "5400+30"]

1. Nf3 Nc6 2. e3 Nf6 3. c4 e6 4. Nc3 b6 5. d4 d5 6. b3 Bb4 7. Bb2 Bb7 8. a3 Bd6 9. Qc2 Ne7 10. Rd1 c5 11. cxd5 exd5 12. dxc5 bxc5 13. Bb5+ Nd7 14. Na4 Rc8 15. Bxg7 Rg8 16. Bxd7+ Kxd7 17. Qxh7 c4 18. b4 a5 19. Ne5+ Bxe5 20. Bxe5 Kc6 21. Qxf7 Rg6 22. e4 Kd7 23. Nc5+ Rxc5 24. bxc5 a4 25. O-O Qg8 26. Qxg8 Rxg8 27. Bf6 Rc8 28. Bxe7 Kxe7 29. exd5 Rxc5 30. Rfe1+ Kd7 31. d6 Rc8 32. h4 Rg8 33. Re7+ Kc8 34. Rc7+ Kb8 35. Rb1 Rxg2+ 36. Kf1 Rg6 37. Rbxb7+ Ka8 38. d7 Rg8 39. Ra7+ Kb8 40. Rcb7# 1-0

[Event "XVI Memorial Lezcano Montalvo 2024"]
[Site "Gran Canaria"]
[Date "2024.03.24"]
[Round "2.41"]
[White "Lorenzo Merino, Hector"]
[Black "Bangiev, Katharina"]
[Result "0-1"]
[ECO "D00"]
[WhiteElo "1586"]
[BlackElo "1779"]
[Annotator "NA RC"]
[PlyCount "104"]
[EventDate "2024.03.23"]
[EventType "swiss"]
[EventCountry "ESP"]
[SourceTitle "playchess.com"]
[Source "ChessBase"]
[SourceQuality "1"]
[TimeControl "5400+30"]

1. d4 Nf6 2. Nf3 g6 3. Bf4 Bg7 4. e3 O-O 5. Nc3 d5 6. Be2 c5 7. Ne5 Nbd7 8. h4 Qa5 9. f3 cxd4 10. exd4 Qb4 11. Rb1 Nh5 12. Bh2 Nxe5 13. dxe5 Qxh4+ 14. Kf1 Bxe5 15. Bxe5 Qxh1+ 16. Kf2 Qh4+ 17. Kg1 Qg5 18. Qd4 Bh3 19. g4 Nf6 20. Kf2 Nd7 21. Bg3 Qf6 22. Qxf6 Nxf6 23. Rh1 Bxg4 24. fxg4 d4 25. Nb5 Ne4+ 26. Kf3 Nxg3 27. Kxg3 e5 28. Bc4 Rac8 29. Bb3 a6 30. Nd6 Rc7 31. g5 Kg7 32. Ne4 Re7 33. Nf6 h5 34. Kf3 Rd8 35. Ke4 Rc8 36. Rf1 Rf8 37. Nd5 Ree8 38. Rf6 h4 39. Rf1 h3 40. Nf6 Re7 41. Rh1 Rh8 42. Ng4 Rh4 43. Kf3 e4+ 44. Kg3 Rh5 45. Rxh3 Rxh3+ 46. Kxh3 e3 47. Bc4 e2 48. Bxe2 Rxe2 49. c3 d3 50. Kg3 d2 51. Nf2 Rxf2 52. Kxf2 d1=Q 0-1

[Event "XVI Memorial Lezcano Montalvo 2024"]
[Site "Gran Canaria"]
[Date "2024.03.24"]
[Round "2.42"]
[White "Grube, Kurt"]
[Black "Morell Rojas, Samuel"]
[Result "1-0"]
[ECO "A15"]
[WhiteElo "1773"]
[BlackElo "1590"]
[Annotator "NA RC"]
[PlyCount "67"]
[EventDate "2024.03.23"]
[EventType "swiss"]
[EventCountry "ESP"]
[SourceTitle "playchess.com"]
[Source "ChessBase"]
[SourceQuality "1"]
[TimeControl "5400+30"]

1. Nf3 Nf6 2. c4 Nc6 3. Nc3 g6 4. d4 e6 5. Bg5 Bg7 6. e4 d6 7. Be2 O-O 8. Qd2 Bd7 9. e5 h6 10. Bxf6 Bxf6 11. exf6 Qxf6 12. Qxh6 Nxd4 13. Nxd4 Qxd4 14. Rd1 Qg7 15. Qxg7+ Kxg7 16. Bf3 Rab8 17. O-O Rh8 18. Rfe1 g5 19. Ne4 g4 20. Be2 f5 21. Nc5 Bc6 22. Nxe6+ Kf6 23. Nd4 Bd7 24. f3 c5 25. Nb5 Kg5 26. fxg4 fxg4 27. Nxd6 Rh7 28. Bd3 Rh4 29. g3 Rh3 30. Bf1 Rh7 31. Ne4+ Kg6 32. Rd6+ Kf5 33. Nxc5 Bc6 34. Bd3+ 1-0

[Event "XVI Memorial Lezcano Montalvo 2024"]
[Site "Gran Canaria"]
[Date "2024.03.25"]
[Round "3.1"]
[White "Dvirnyy, Danyyil"]
[Black "Loiacono, Leonardo"]
[Result "1-0"]
[ECO "C60"]
[WhiteElo "2482"]
[BlackElo "2316"]
[Annotator "RC"]
[PlyCount "191"]
[EventDate "2024.03.23"]
[EventType "swiss"]
[EventCountry "ESP"]
[SourceTitle "playchess.com"]
[Source "ChessBase"]
[SourceQuality "1"]
[TimeControl "5400+30"]

1. e4 e5 2. Nf3 Nc6 3. Bb5 g6 4. c3 a6 5. Bc4 Bg7 6. d4 b5 7. Be2 exd4 8. cxd4 d5 9. exd5 Qxd5 10. O-O Nge7 11. Nc3 Qd6 12. Ne4 Qd5 13. Bh6 O-O 14. Nc3 Qd6 15. Bxg7 Kxg7 16. d5 Nb4 17. Qd4+ f6 18. Ne4 Qxd5 19. Qxb4 Nc6 20. Qc5 Qxe4 21. Rfe1 Bb7 22. Bxb5 Qb4 23. Re7+ Kh8 24. Qxb4 Nxb4 25. Bc4 Rac8 26. Rc1 Nd5 27. Bxd5 Bxd5 28. b3 c5 29. Nd2 Rfd8 30. f3 f5 31. Kf2 a5 32. Rc2 a4 33. bxa4 Ra8 34. Nb3 Rxa4 35. Nxc5 Rc8 36. Re8+ Rxe8 37. Nxa4 Ra8 38. Nc3 Rc8 39. Rc1 f4 40. Ne2 Ra8 41. Nxf4 Rxa2+ 42. Ke3 Bf7 43. h4 Kg7 44. Rc5 h5 45. Rc6 Rb2 46. g3 Rb1 47. Rd6 Rb3+ 48. Rd3 Rb1 49. Rd6 Re1+ 50. Kf2 Re7 51. Rb6 Ra7 52. Nd3 Re7 53. Nc5 Re5 54. Ne4 Re7 55. Rd6 Be6 56. Rb6 Bd5 57. Nc3 Be6 58. Rc6 Bf5 59. Nd5 Re5 60. Rc7+ Kf8 61. Nf6 Re6 62. Nd5 Re5 63. Nf4 Kg8 64. Ra7 Kf8 65. g4 hxg4 66. fxg4 Bb1 67. Rb7 Be4 68. Rb3 Ra5 69. Ke3 Bc2 70. Rc3 Re5+ 71. Kd2 Bb1 72. Rb3 Re4 73. Nxg6+ Kg7 74. Rxb1 Rxg4 75. h5 Kh6 76. Rh1 Ra4 77. Ke3 Ra5 78. Nf4 Kg5 79. Rg1+ Kf5 80. Ne2 Kf6 81. Nf4 Kf5 82. Rd1 Kg5 83. Ke4 Ra6 84. Rd5+ Kg4 85. Ke5 Kg5 86. Ke4+ Kg4 87. Ng2 Ra4+ 88. Ke3 Ra3+ 89. Kf2 Ra2+ 90. Kg1 Ra3 91. Kf2 Ra2+ 92. Kf1 Ra1+ 93. Ne1 Ra7 94. Nc2 Rh7 95. Ne3+ Kh4 96. h6 1-0

[Event "XVI Memorial Lezcano Montalvo 2024"]
[Site "Gran Canaria"]
[Date "2024.03.25"]
[Round "3.3"]
[White "Kurajica, Bojan"]
[Black "Van Zyl-Rudd, Jack"]
[Result "1/2-1/2"]
[ECO "D47"]
[WhiteElo "2444"]
[BlackElo "2264"]
[Annotator "TA"]
[PlyCount "71"]
[EventDate "2024.03.23"]
[EventType "swiss"]
[EventCountry "ESP"]
[SourceTitle "playchess.com"]
[Source "ChessBase"]
[SourceQuality "1"]
[TimeControl "5400+30"]

1. Nf3 d5 2. d4 Nf6 3. c4 e6 4. Nc3 c6 5. e3 Nbd7 6. Bd3 dxc4 7. Bxc4 b5 8. Bd3 Bb7 9. e4 b4 10. Na4 c5 11. e5 Nd5 12. dxc5 Bxc5 13. Nxc5 Nxc5 14. Bb5+ Ke7 15. Qd4 Qb6 16. Bc4 h6 $1 17. Bxd5 Bxd5 18. Be3 Rhc8 {[%emt 0:26:54] [#] And now ...Qb5 would win.} 19. O-O Qb7 (19... Kf8 {simplifies} 20. Rfc1 Nd7 21. Ne1 Qxd4 22. Bxd4 Rxc1 23. Rxc1 Bxa2 24. Rc7 Nb6) 20. Rfc1 Nd7 21. Ne1 a5 22. b3 Ra6 23. Rxc8 Qxc8 24. Nd3 Qc3 25. Rc1 Qxd4 26. Bxd4 Rc6 27. Rxc6 Bxc6 28. Nc5 Nxc5 29. Bxc5+ $11 {[%emt 0:00:07][%mdl 4096] Endgame. KB-KB} Ke8 30. f3 g6 31. Kf2 Kd7 32. Ke3 Bd5 33. Bb6 (33. Bf8 $16) 33... a4 $1 {[%emt 0:00:07] The position is equal.} 34. Bc5 axb3 35. axb3 Bxb3 36. Bxb4 {[%emt 0:07:54] Weighted Error Value: White=0.10 (very precise) /Black=0.06 (flawless) .  Mistake:       	White=1     	---        Inaccurate:     	---       	Black=2      OK:         	White=12    	Black=8      Strong:       	---       	Black=2} 1/2-1/2

[Event "XVI Memorial Lezcano Montalvo 2024"]
[Site "Gran Canaria"]
[Date "2024.03.25"]
[Round "3.4"]
[White "Strikovic, Aleksa"]
[Black "Perez Guerra, Raul"]
[Result "0-1"]
[ECO "A21"]
[WhiteElo "2430"]
[BlackElo "2250"]
[Annotator "TA"]
[PlyCount "113"]
[EventDate "2024.03.23"]
[EventType "swiss"]
[EventCountry "ESP"]
[SourceTitle "playchess.com"]
[Source "ChessBase"]
[SourceQuality "1"]
[TimeControl "5400+30"]

1. c4 e5 2. g3 d6 3. Bg2 f5 4. Nc3 Nf6 5. d3 Be7 6. e4 O-O 7. Nge2 c6 8. O-O Qe8 9. d4 Qg6 (9... fxe4 $11 10. Bg5 (10. Nxe4 Nxe4 11. Bxe4 Bh3 $11) 10... Nbd7) 10. exf5 $14 Bxf5 {[%emt 0:00:09] [#]} 11. c5 (11. Qb3 $1 $14) 11... Bc2 $11 12. Qd2 Nbd7 (12... Na6 $11) 13. cxd6 (13. f4 $16 {And now cxd6 would win.} d5 14. fxe5 (14. dxe5 Bxc5+ 15. Kh1 Ng4 $19)) 13... Bxd6 $11 14. dxe5 Bxe5 15. Nf4 Bxf4 16. Qxf4 Rae8 17. Qg5 Qd3 (17... Ne5 {simplifies} 18. Qxg6 Bxg6 19. b3 Bh5) 18. Bf4 h6 19. Qa5 g5 $1 20. Be3 Ng4 21. Bxa7 Nge5 22. f4 ({White should play} 22. Qc7 $11) 22... b6 $1 $15 23. Qb4 (23. Bxb6 Nc4 24. Qb4 Ndxb6 (24... Ncxb6 25. Bxc6 Re6 26. Bg2 $15) 25. fxg5 Rxf1+ (25... hxg5 26. Rxf8+ Rxf8 27. Qe7 $17) 26. Rxf1 Qe3+ (26... hxg5 27. Qc5 $17) 27. Kh1 hxg5 $19 (27... Qxg5 28. Bxc6 Qd2 29. Bd5+ Nxd5 30. Qxc4 $19) (27... Bd3 $2 28. Rg1 $19)) 23... c5 24. Qe4 $1 Qxf1+ $1 25. Rxf1 Bxe4 26. Bxe4 gxf4 27. gxf4 Ng4 28. Bc6 {[%emt 0:01:14] [#]} ({White should try} 28. h3 $1 $15 Ngf6 29. Bc6) 28... Ngf6 (28... Re7 $1 $17 29. Bxd7 Rxd7 30. Bxb6 Rb8 31. Bxc5 Rxb2) 29. Rd1 $15 Re7 30. Rd6 Kg7 (30... Rg7+ $5 31. Kh1 Re8 $19) 31. Bb5 (31. a4 $11) 31... Ra8 $17 32. Bxb6 Nxb6 33. Rxb6 Rd8 34. Be2 (34. f5 $17 {might work better.}) 34... Rd2 (34... Nd5 $19 35. Nxd5 Rxe2) 35. Kf2 $17 Nd5 36. Rd6 Nxc3 (36... Rxb2 $2 {is the wrong capture.} 37. Rxd5 (37. Nxd5 $2 Rexe2+ 38. Kf3 Rxh2 $19) 37... Rc2 38. Rd3 $18 (38. Rxc5 Rexe2+ 39. Nxe2 Rxc5 $15)) (36... Re3 {with more complications.} 37. Rd7+ Kf8 38. Rd8+ Kf7) 37. Rxd2 Ne4+ 38. Ke1 Nxd2 39. Kxd2 Re4 40. b3 Rxf4 41. a4 Kf6 42. a5 Ke5 43. a6 Rf7 44. Kc3 (44. Ke3 $17) 44... Kd6 $19 45. b4 cxb4+ 46. Kxb4 Kc6 47. h4 $2 (47. h3 {keeps fighting.}) 47... Rf4+ $19 48. Ka5 $2 {[%emt 0:00:06] [#]} (48. Kc3 $19 Rxh4 49. Kd3) 48... h5 $1 (48... Rxh4 49. Bf3+ Kc7 50. a7 $16) 49. Bd1 Kc7 ({Inferior is} 49... Rxh4 50. Bf3+ Kc7 51. a7 $11) 50. Kb5 Rxh4 51. Bf3 Kb8 52. Kc6 Ka7 53. Kd5 Rf4 54. Bg2 h4 55. Ke5 Rg4 56. Bf3 Rg1 57. Kd4 0-1

[Event "XVI Memorial Lezcano Montalvo 2024"]
[Site "Gran Canaria"]
[Date "2024.03.25"]
[Round "3.6"]
[White "Fiorito, Joaquin"]
[Black "Calzetta Ruiz, Monica"]
[Result "1-0"]
[ECO "B31"]
[WhiteElo "2409"]
[BlackElo "2239"]
[Annotator "TA"]
[PlyCount "51"]
[EventDate "2024.03.23"]
[EventType "swiss"]
[EventCountry "ESP"]
[SourceTitle "playchess.com"]
[Source "ChessBase"]
[SourceQuality "1"]
[TimeControl "5400+30"]

1. e4 c5 2. Nf3 Nc6 3. Bb5 g6 4. O-O Bg7 5. c3 e5 6. d4 exd4 7. cxd4 cxd4 8. Bf4 Nge7 9. Bd6 O-O 10. Nbd2 a6 11. Bc4 b5 12. Bb3 Bb7 13. Rc1 h6 (13... a5 $11) 14. e5 $14 {[%emt 0:17:43] White is slightly better.} Re8 $2 {[%emt 0:28:29] [#]} (14... a5 $1 $14) 15. Bxf7+ $1 $18 Kxf7 16. Qb3+ $1 Kf8 $2 (16... Nd5) 17. Nh4 $2 (17. Ng5 $18 hxg5 18. f4) 17... Nxe5 $16 {[%emt 0:00:41] [#] Hoping for ...Qb6.} (17... Bxe5 $2 {loses.} 18. Nxg6+ Kg7 19. Nxe5 $18 (19. Bxe5+ Nxe5 20. Nxe5 Nd5 $16)) 18. f4 {[%emt 0:00:03] White has more active pieces.} ({White should try} 18. Bc7 $1 $16 Bd5 19. Qg3) 18... Nf7 {[%emt 0:04:19][%mdl 8192] [#]} (18... Nc4 $1 $11 {and Black is okay.} 19. Nxc4 (19. Nxg6+ Kg8 $11) 19... Bd5) 19. f5 $1 $18 g5 (19... Nxd6 $142 20. fxg6+ Nef5 21. Nxf5 Re6) 20. f6 $1 Kg8 21. fxe7 Rxe7 22. Bxe7 Qxe7 23. Rce1 Be5 {[%emt 0:06:32] [#]} 24. Rxe5 $1 Qxe5 (24... Re8 25. Rxe7) 25. Qxf7+ Kh8 26. Ng6# {[%emt 1:15:09] Weighted Error Value: White=0.40/Black=1.50.  Loses game:     	---       	Black=1      Missed win:     	White=1     	---        Mistake:       	---       	Black=4      Inaccurate:     	White=1     	---        OK:         	White=1     	Black=2      Strong:       	White=3     	---        Brilliant:      	White=1     	---} 1-0

[Event "XVI Memorial Lezcano Montalvo 2024"]
[Site "Gran Canaria"]
[Date "2024.03.25"]
[Round "3.7"]
[White "Fiorito, Fabian"]
[Black "Tutisani, Noe"]
[Result "0-1"]
[ECO "D00"]
[WhiteElo "2251"]
[BlackElo "2405"]
[Annotator "TA"]
[PlyCount "92"]
[EventDate "2024.03.23"]
[EventType "swiss"]
[EventCountry "ESP"]
[SourceTitle "playchess.com"]
[Source "ChessBase"]
[SourceQuality "1"]
[TimeControl "5400+30"]

1. d4 Nf6 2. Nc3 d5 3. Bf4 Bf5 4. e3 e6 5. Bd3 c6 6. Nge2 Nbd7 7. h3 Bb4 8. O-O {[%emt 0:00:50] Die Stellung ist ausgeglichen.} Qe7 9. a3 Bd6 10. Bxd6 Qxd6 11. Bxf5 exf5 12. b3 h5 13. Qd3 g6 14. f3 O-O-O 15. Nd1 Qe6 16. Nf4 Qe7 17. Ne2 Kb8 18. c4 c5 19. cxd5 Nxd5 20. e4 Rhe8 21. Ra2 fxe4 22. fxe4 Qxe4 (22... N5f6 {vereinfacht} 23. Ndc3 Nxe4 24. Qxe4 Qxe4 25. Nxe4 Rxe4 26. dxc5 Ne5) 23. Qg3+ (23. Qxe4 $11 {bleibt in der Remisbreite.} Rxe4 24. dxc5) 23... Ka8 $17 {[%emt 0:00:14] Schwarz steht aktiver.} 24. dxc5 (24. Rd2 $17) 24... Nxc5 $19 25. Rd2 h4 26. Qf2 Nxb3 27. Ndc3 Nxc3 (27... Nxd2 $19 28. Nxe4 Nxf1 (28... Rxe4 29. Re1 $14) 29. Qxh4 Nfe3) 28. Rxd8+ $17 Rxd8 29. Nxc3 Qc4 30. Qf6 Rc8 31. Rd1 a6 (31... Qxc3 32. Qxc3 (32. Qxh4 $2 a6 $19) 32... Rb8 33. Qxb3 f6 34. Qf7 Rh8 35. Rd7 (35. Qxf6 Rb8 36. Rd8 a6 37. Rd7 Rc8 38. Qb6 Rb8 39. Qxg6 Rc8 40. Qb6 Rc1+ 41. Kh2 Rh1+ 42. Kxh1 Kb8 43. Qxb7#) 35... Rb8 36. Qxf6 (36. Qxg6 Rc8 37. Qxf6 Rc1+ 38. Kh2 Rc8 39. Qf3 Rb8 40. Qb3 a6 41. Qb6 Rh8 42. Qxb7#)) 32. Nd5 Qc5+ 33. Kh1 {[%emt 0:00:27] [#]} (33. Kh2 $17 Ka7 (33... Qxa3 34. Nb6+ Kb8 35. Qe5+ Ka7 36. Nxc8+ Ka8 37. Nb6+ Ka7 38. Nd7) 34. Qxh4) 33... Ka7 $1 $19 (33... Qxa3 $2 {geht unter.} 34. Nb6+ (34. Qxh4 $2 {zu gefräßig.} Qc5 $19) 34... Ka7 35. Nxc8+ Kb8 36. Nb6 $18) 34. Qxh4 Qxa3 {[%emt 0:00:00] Weiss muss nun ...Rc1 beachten.} 35. Qf6 Qc5 {[%emt 0:00:00] Lässt Qb6+ nicht zu} 36. Rd3 Rc6 37. Qxf7 Rd6 38. Rxb3 {[%emt 0:00:00][%csl Gb3][%cal Rf7b7] [#]} Qxd5 {[%emt 0:00:00][%mdl 4096] Endspiel. KQR-KQR} 39. Qf2+ Qd4 40. Qf7 (40. Qg3 $142) 40... Rd7 41. Qe6 (41. Qe8) 41... Qd1+ {[%emt 0:00:00] Schwarz steht klar auf Gewinn.} 42. Kh2 Qd6+ 43. Qxd6 Rxd6 44. h4 a5 {[%emt 0:00:00] Zielt auf ...a4 ab.} 45. g4 a4 46. Rf3 Ra6 {[%emt 0:00:00] Gewichteter Fehlerwert: Weiß=0.39/Schwarz=0.11 (sehr präzise) .  Fehler:       	Weiß=5     	Schwarz=1     Ungenau:       	Weiß=3     	Schwarz=2     OK:         	Weiß=11    	Schwarz=17    Bester:       	Weiß=3     	Schwarz=2} 0-1

[Event "XVI Memorial Lezcano Montalvo 2024"]
[Site "Gran Canaria"]
[Date "2024.03.25"]
[Round "3.8"]
[White "Lianes Garcia, Marcos"]
[Black "Hernandez Leon, Alberto"]
[Result "1-0"]
[ECO "E05"]
[WhiteElo "2398"]
[BlackElo "2207"]
[Annotator "TA"]
[PlyCount "79"]
[EventDate "2024.03.23"]
[EventType "swiss"]
[EventCountry "ESP"]
[SourceTitle "playchess.com"]
[Source "ChessBase"]
[SourceQuality "1"]
[TimeControl "5400+30"]

1. d4 d5 2. Nf3 Nf6 3. g3 e6 4. Bg2 Be7 5. O-O O-O 6. c4 dxc4 7. Qc2 b5 8. a4 b4 9. Ne5 (9. Qxc4 Ba6 10. Qc2 Nbd7) 9... Qxd4 $1 10. Bxa8 {[%emt 0:00:19] The position is equal.} (10. Bf4 {is interesting.} Nd5 11. Rd1 Qc5 12. Nd2) 10... Qxe5 11. Bf4 Qc5 ({Black should play} 11... Qh5 $11 12. Bf3 (12. Qxc4 Ng4 $17) 12... Ng4 13. Bxg4 (13. Bxc7 $2 Qxh2#) 13... Qxg4) 12. Bf3 (12. Nd2 $14 {keeps the upper hand.}) 12... Nd5 $17 13. Nd2 {[%emt 0:07:08][%cal Bb1d2,Bd2c4,Bc4e5,Be5d7,Bd7f8][%mdl 32] [#]} Nxf4 (13... Ba6 $1 $17 {Strongly threatening ...Nc6.} 14. Rac1 Nc6 (14... Nxf4 15. gxf4 Qd6 16. Nxc4 $11)) 14. gxf4 $11 Ba6 15. Rac1 Nc6 (15... Qd6 $11) 16. Bxc6 $1 $14 Qxc6 17. Nxc4 Bb7 18. f3 Qc5+ 19. Kh1 Bf6 $2 {[%emt 0:01:30] [#] Loses the game.} ({Better is} 19... Qh5 $14) 20. Ne5 $1 $18 Qd4 (20... Qxc2 21. Rxc2) 21. Qxc7 ({White should try} 21. Qc5 $18 Qxf4 (21... Qxb2 $2 22. Rc2 $18) 22. Nd7 (22. Qxc7 $2 Bxe5 $19)) 21... Ba6 $16 22. Nd7 Bxe2 $2 (22... Bd8 {is a better defense.} 23. Qc6 Bxe2) 23. Nxf8 $18 Qd3 {[%emt 0:00:57] [#]} 24. Qc2 Bxf3+ {[%emt 0:04:39] [#]} 25. Rxf3 $1 Qxf3+ 26. Qg2 Qxg2+ (26... Qe3 {keeps fighting.} 27. Rd1 (27. Qg1 Qd3 $16) 27... Qb3) 27. Kxg2 Kxf8 {[%emt 0:00:08][%mdl 4096] Endgame. KR-KB} 28. Rc8+ Ke7 29. Rc7+ Kd6 30. Rxa7 (30. Rxf7 Bxb2 31. Rxa7 Kc5 $18) 30... Bxb2 31. Rb7 (31. Rxf7 Kc5 $16) 31... Kc5 $2 {[%emt 0:07:02] Wards off a5} (31... Bd4 32. Rxb4 Bc3) 32. a5 (32. Rxf7 Bd4 $18 (32... b3 33. Rb7 $14)) 32... Bd4 33. Kf3 {[%emt 0:00:49][%cal Oa5a6] a6! is the strong threat.} (33. Rxf7 Kb5 $16) 33... Kc4 34. Ke2 (34. Rxf7 b3 35. Rb7 b2 $11) 34... b3 35. Kd1 ({Not} 35. Rxf7 b2 36. Rb7 Bc3 $11) 35... Kc3 36. Kc1 ({And not} 36. Rxf7 b2 37. Rc7+ (37. Rb7 Bc5 $11) 37... Bc5 38. Rxc5+ Kb4 $11) 36... Be3+ 37. Kb1 Bxf4 38. a6 {[%emt 0:00:07] White mates.} Be3 39. Rxf7 e5 40. Rf3 {[%emt 0:00:41] Weighted Error Value: White=0.33/Black=0.69.  Loses game:     	---       	Black=1      Mistake:       	White=3     	Black=6      OK:         	White=5     	Black=9      Best:        	White=6     	Black=4      Strong:       	White=1     	Black=1      Brilliant:      	White=2     	---} 1-0